 Dungeon Crawl Stone Soup version 0.30.1-11-g7821555f0a (webtiles) character file.

Game seed: 6720575277685270430

98 Kranky the Grasshopper (level 4, 0/38 HPs)
             Began as a Gnoll Warper on Nov 6, 2023.
             Slain by a kobold brigand
             ... wielding a +0 club
              (5 damage)
             ... on level 3 of the Dungeon.
             The game lasted 00:02:40 (1461 turns).

Kranky the Grasshopper (Gnoll Warper)               Turns: 1461, Time: 00:02:41

Health: 0/38       AC:  7    Str: 10    XL:     4   Next: 69%
Magic:  11/11      EV: 13    Int: 14    God:
Gold:   66         SH:  0    Dex: 12    Spells: 13/13 levels left

rFire   . . .        k - +1 hand axe (flame)
rCold   . . .        (no shield)
rNeg    . . .        i - +3 leather armour
rPois   .            n - +0 helmet
rElec   .            (no cloak)
rCorr   .            (no gloves)
SInv    .            (no boots)
Will    .....        (no amulet)
Stlth   +            (no ring)
HPRegen 0.26/turn    (no ring)
MPRegen 0.12/turn

%: no passive effects
@: lethally poisoned (0 -> -4), slowed, very slow
A: fangs 1, strong nose, distributed training
a: no special abilities


You were on level 3 of the Dungeon.
You visited 1 branch of the dungeon, and saw 3 of its levels.

You collected 66 gold pieces.

Inventory:

Hand Weapons
 a - a +0 falchion
 k - a +1 hand axe of flaming (weapon)
Missiles
 d - 7 boomerangs of dispersal (quivered)
Armour
 i - a +3 leather armour (worn)
 n - a +0 helmet (worn)
Jewellery
 b - a +6 ring of strength
Wands
 f - a wand of flame (14)
 p - a wand of polymorph (4)
Scrolls
 c - 3 scrolls of blinking
 e - 4 scrolls of brand weapon {unknown}
 o - a scroll of poison {unknown}
 q - a scroll of identify {unknown}
 s - a scroll of vulnerability {unknown}
Potions
 g - 3 potions of flight {unknown}
 h - a potion of degeneration {unknown}
 j - a potion of heal wounds {unknown}
 l - a potion of lignification {unknown}
 m - a potion of mutation {unknown}
 r - a potion of attraction {unknown}


   Skills:
 + Level 4.7 Fighting
 + Level 1.2 Short Blades
 + Level 4.7 Long Blades
 + Level 1.2 Axes
 + Level 1.2 Maces & Flails
 + Level 1.2 Polearms
 + Level 1.2 Staves
 + Level 1.2 Ranged Weapons
 + Level 2.8 Throwing
 + Level 2.8 Armour
 + Level 4.7 Dodging
 + Level 1.2 Stealth
 + Level 1.2 Shields
 + Level 1.2 Unarmed Combat
 + Level 5.1 Spellcasting
 + Level 1.0 Conjurations
 + Level 1.0 Hexes
 + Level 1.0 Summonings
 + Level 1.0 Necromancy
 + Level 5.5 Translocations
 + Level 1.0 Transmutations
 + Level 1.0 Fire Magic
 + Level 1.0 Ice Magic
 + Level 1.0 Air Magic
 + Level 1.0 Earth Magic
 + Level 1.0 Poison Magic
 + Level 1.4 Invocations
 + Level 1.2 Evocations


You had 13 spell levels left.
You didn't know any spells.
Your spell library contained the following spells:

 Spells                   Type           Power      Damage    Failure   Level
 Blink                    Tloc           38%        N/A       3%          2
 Lesser Beckoning         Tloc           38%        N/A       3%          2
 Teleport Other           Tloc           19%        N/A       7%          3
 Sandblast                Erth           12%        2d6       14%         1
 Vhi's Electric Charge    Tloc/Air       24%        N/A       19%         3
 Passwall                 Tmut/Erth      5%         N/A       22%         2
 Manifold Assault         Tloc           19%        N/A       24%         4
 Stone Arrow              Conj/Erth      12%        3d7       41%         3


Dungeon Overview and Level Annotations

Branches:
Dungeon (3/15)

Altars:
Qazlal


Innate Abilities, Weirdness & Mutations

You have very sharp teeth.
Your uncanny sense of smell can sniff out nearby items.
Your experience applies equally to all skills.


Message History

You closely miss the quokka.
The quokka is severely wounded.
The quokka bites you.
A kobold comes into view.
The quokka bites you.
You barely miss the quokka.
The quokka is severely wounded.
A kobold comes into view. It is wielding a +0 club.
The quokka barely misses you.
The kobold shouts!
The quokka attacks as you move away! The quokka closely misses you.
The quokka bites you but does no damage.
The quokka attacks as you move away! The quokka closely misses you.
You barely miss the quokka.
The quokka is severely wounded.
The quokka closely misses you. The quokka misses you.
You hit the quokka. You burn the quokka.
You kill the quokka!
The kobold brigand throws a curare-tipped dart.
The curare-tipped dart hits you.
You are poisoned.
You have difficulty breathing.
You feel yourself slow down.
You feel extremely sick.
The kobold brigand hits you but does no damage.
You are too injured to fight recklessly!
You are too injured to fight recklessly!
You are too injured to fight recklessly!
You barely miss the kobold brigand.
You bite the kobold brigand, but do no damage.
You feel very sick.
The kobold brigand hits you with a +0 club.
* * * LOW HITPOINT WARNING * * *
The kobold brigand hits you with a +0 club.
* * * LOW HITPOINT WARNING * * *
You closely miss the kobold brigand.
* * * LOW HITPOINT WARNING * * *
You feel very sick. The kobold brigand closely misses you.
The kobold brigand hits you with a +0 club.
You die...

####....#
..................
......###
#.#############.##
####### #.# #.## #.#
#... #.# #.## #.# #.#
#.# ##.# #.# #..# #@#
#.## ####### #K## #.##
......#
######KK###########..##
.......
...........(.)..........
.......
............(...........
~.~~..~
.....~.~~~~..~~~~~..~.~~
≈≈~~≈~~
~....~≈~≈~~~~≈~~≈~~≈~~~~
≈≈≈≈~≈≈
.....~≈≈≈≈≈~≈~≈~≈≈≈≈≈~≈≈
≈≈≈≈≈≈≈
~....~≈≈≈≈≈≈≈≈≈≈≈≈≈≈≈≈≈≈


You could see a kobold brigand and 2 kobolds.

Vanquished Creatures
  Jessica (D:2)
  A gnoll (D:1)
  An adder (D:3)
  A worm (D:2)
  3 dart slugs
  5 ball pythons
  6 endoplasms
  2 giant cockroaches (D:2)
  3 goblins
  4 hobgoblins
  A jackal (D:3)
  A quokka (D:3)
  4 bats
  6 kobolds
  5 rats
44 creatures vanquished.

Vanquished Creatures (others)
  A bat (D:2)
1 creature vanquished.

Grand Total: 45 creatures vanquished

Notes
Turn   | Place    | Note
-------+----------+-------------------------------------------
     0 | D:1      | Kranky the Gnoll Warper began the quest for the Orb.
     0 | D:1      | Reached XP level 1. HP: 20/20 MP: 6/6
   169 | D:1      | Found a faded altar of an unknown god.
   204 | D:1      | Reached XP level 2. HP: 15/26 MP: 7/7
   493 | D:1      | Reached skill level 5 in Spellcasting
   493 | D:1      | Reached XP level 3. HP: 31/31 MP: 7/9
   881 | D:2      | Noticed Jessica
   885 | D:2      | Killed Jessica
   886 | D:2      | Reached skill level 1 in Short Blades
   886 | D:2      | Reached skill level 1 in Axes
   886 | D:2      | Reached skill level 1 in Maces & Flails
   886 | D:2      | Reached skill level 1 in Polearms
   886 | D:2      | Reached skill level 1 in Staves
   886 | D:2      | Reached skill level 1 in Ranged Weapons
   886 | D:2      | Reached skill level 1 in Stealth
   886 | D:2      | Reached skill level 1 in Shields
   886 | D:2      | Reached skill level 1 in Unarmed Combat
   886 | D:2      | Reached skill level 1 in Invocations
   886 | D:2      | Reached skill level 1 in Evocations
   886 | D:2      | Reached XP level 4. HP: 34/38 MP: 11/11
  1219 | D:3      | Reached skill level 1 in Conjurations
  1219 | D:3      | Reached skill level 1 in Hexes
  1219 | D:3      | Reached skill level 1 in Summonings
  1219 | D:3      | Reached skill level 1 in Necromancy
  1219 | D:3      | Reached skill level 1 in Transmutations
  1219 | D:3      | Reached skill level 1 in Fire Magic
  1219 | D:3      | Reached skill level 1 in Ice Magic
  1219 | D:3      | Reached skill level 1 in Air Magic
  1219 | D:3      | Reached skill level 1 in Earth Magic
  1219 | D:3      | Reached skill level 1 in Poison Magic
  1305 | D:3      | Found a stormy altar of Qazlal.
  1448 | D:3      | Noticed a kobold brigand
  1461 | D:3      | Slain by a kobold brigand

Illustrated notes

Levels and vault maps discovered:
D:1:      giann_forest_graveyard, layout_basic,
          hellmonk_ecumenical_altar_inner_sanctum, nicolae_grassy_gnolls
D:2:      layout_basic, skrybe_limestone_x, uniq_jessica
D:3:      minmay_goblin_kobold_castle, layout_basic, lemuel_round_altar,
          minmay_misc_feat_room

Skill      XL: |  1  2  3  4 |
---------------+-------------+-----
Spellcasting   | 5 |  5.1
Short Blades   | 1 |  1.2
Axes           | 1 |  1.2
Maces & Flails | 1 |  1.2
Polearms       | 1 |  1.2
Staves         | 1 |  1.2
Ranged Weapons | 1 |  1.2
Stealth        | 1 |  1.2
Shields        | 1 |  1.2
Unarmed Combat | 1 |  1.2
Invocations    | 1 |  1.4
Evocations     | 1 |  1.2
Conjurations   | 1 |  1.0
Hexes          | 1 |  1.0
Summonings     | 1 |  1.0
Necromancy     | 1 |  1.0
Transmutations | 1 |  1.0
Fire Magic     | 1 |  1.0
Ice Magic      | 1 |  1.0
Air Magic      | 1 |  1.0
Earth Magic    | 1 |  1.0
Poison Magic   | 1 |  1.0
Fighting       | |  4.7
Long Blades    | |  4.7
Throwing       | |  2.8
Armour         | |  2.8
Dodging        | |  4.7
Translocations | |  5.5

Action                     |  1- 3 |  4- 6 || total
---------------------------+-------+-------++-------
  Melee: Falchion          |    40 |       ||    40
         Hand axe          |     8 |    63 ||    71
         Bite              |       |     5 ||     5
 Armour: Ring mail         |    10 |       ||    10
         Leather armour    |     6 |    27 ||    33
  Dodge: Dodged            |    23 |    50 ||    73
